 Dungeon Crawl Stone Soup version 0.30-a0-509-gd016549fea (webtiles) character file.

Game seed: 9826954868686142818

168 GenialerGandalf the Chopper (level 5, -7/45 (47) HPs)
             Began as a Hill Orc Fighter on Dec 22, 2022.
             Killed by nerve-wracking pain
             ... invoked by Menkaure
              (9 damage)
             ... on level 4 of the Dungeon.
             The game lasted 00:08:34 (2571 turns).

GenialerGandalf the Chopper (Hill Orc Fighter)      Turns: 2571, Time: 00:08:35

HP:   -7/45 (47)    AC:  8    Str: 21    XL:     5   Next: 48%
MP:   5/5           EV: 24    Int:  8    God:
Gold: 135           SH:  4    Dex: 10    Spells: 4/4 levels left

rFire   . . .      SeeInvis .    a - +0 war axe
rCold   . . .      Faith    .    c - +0 buckler
rNeg    . . .      Spirit   .    b - +0 scale mail
rPois   +          Reflect  .    q - +0 helmet
rElec   .          Harm     .    (no cloak)
rCorr   .          Rampage  .    (no gloves)
Will    .....                    (no boots)
Stlth   ..........               n - amulet of the acrobat
HPRegen 0.27/turn                p - ring of poison resistance
MPRegen 0.09/turn                (no ring)

@: acrobatic, lightly drained
A: no striking features
a: no special abilities


You were on level 4 of the Dungeon.
You visited 1 branch of the dungeon, and saw 4 of its levels.

You collected 135 gold pieces.

Inventory:

Hand Weapons
 a - a +0 war axe (weapon)
Armour
 b - a +0 scale mail (worn)
 c - a +0 buckler (worn)
 q - a +0 helmet (worn)
Jewellery
 n - an amulet of the acrobat (around neck)
 p - a ring of poison resistance (left hand)
Scrolls
 f - a scroll of enchant weapon {unknown}
 g - 2 scrolls of amnesia {unknown}
 i - 2 scrolls of teleportation {unknown}
 j - 2 scrolls of identify {unknown}
 k - 2 scrolls of poison {unknown}
 r - a scroll of fog {unknown}
 t - a scroll of blinking {unknown}
 u - a scroll of summoning {unknown}
 v - a scroll of magic mapping {unknown}
Potions
 d - a potion of might
 e - a potion of haste {unknown}
 h - a potion of heal wounds {unknown}
 l - 2 potions of lignification {unknown}
 m - 2 potions of degeneration {unknown}
 o - a potion of curing {unknown}
 s - a potion of brilliance {unknown}


   Skills:
 * Level 4.4 Fighting
 * Level 5.2 Axes
 * Level 4.2 Armour
 - Level 0.1 Dodging
 * Level 4.0 Shields


You had 4 spell levels left.
You didn't know any spells.
Your spell library contained the following spells:

 Spells                   Type           Power      Damage    Failure   Level
 Blink                    Tloc           0%         N/A       92%         2
 Momentum Strike          Conj/Tloc      0%         3d8       92%         2
 Lesser Beckoning         Tloc           0%         N/A       99%         3


Dungeon Overview and Level Annotations

Branches:
Dungeon (4/15)
 Temple: D:4-7

Altars:

Shops:
D:1 *

Annotations:
D:4 Menkaure


Message History

The goblin hits you with a +0 club.
* * * LOW HITPOINT WARNING * * *
The goblin attacks as you move away! The goblin barely misses you.
Menkaure calls on the powers of darkness!
Your body is wracked with pain!
* * * LOW HITPOINT WARNING * * *
You hit the goblin but do no damage.
The goblin is heavily wounded.
You block the goblin's attack. The goblin attacks as you move away!
The goblin misses you. The goblin attacks as you move away!
The goblin completely misses you. Menkaure closely misses you.
Menkaure calls on the powers of darkness!
Your body is wracked with pain!
* * * LOW HITPOINT WARNING * * *
You miss the goblin.
The goblin is moderately wounded.
You block the goblin's attack. The goblin hits you but does no damage.
You barely miss the goblin.
The goblin is moderately wounded.
The goblin barely misses you.
You hit the goblin.
You kill the goblin!
Menkaure misses you. Menkaure attacks as you move away!
Menkaure barely misses you. Menkaure attacks as you move away!
Menkaure closely misses you.
Menkaure gestures at you while chanting.
You barely resist. Menkaure attacks as you move away!
You block Menkaure's attack. Menkaure attacks as you move away!
Menkaure barely misses you.
Menkaure is no longer moving quickly.
Menkaure calls on the powers of darkness!
Your body is wracked with pain!
* * * LOW HITPOINT WARNING * * *
Menkaure points at you and mumbles some strange words.
Pain shoots through your body!
* * * LOW HITPOINT WARNING * * *
Menkaure casts a spell at you. Pain shoots through your body!
You die...

........#
........#
......<.#
........#
........#
........# ##.
#.......# ###....
###.....####
####....#
##.......###..@.#
##......M...####
###........#
#........#
#.......##
#......##
...#..###
#..##### ###


You could see Menkaure.

Vanquished Creatures
  Natasha (twice) (D:4)
  Robin (D:4)
  An adder (D:3)
  A worm (D:3)
  2 dart slugs
  3 ball pythons
  2 bats
  9 endoplasms
  6 giant cockroaches (D:1)
  9 hobgoblins
  12 jackals
  3 kobolds
  A quokka (D:1)
  A frilled lizard (D:2)
  15 goblins
  11 rats
79 creatures vanquished.

Notes
Turn   | Place    | Note
-------+----------+-------------------------------------------
     0 | D:1      | GenialerGandalf the Hill Orc Fighter began the quest for
                  | the Orb.
     0 | D:1      | Reached XP level 1. HP: 19/19 MP: 1/1
     2 | D:1      | Found a runed translucent door.
    15 | D:1      | Reached XP level 2. HP: 17/27 MP: 2/2
    29 | D:1      | Reached skill level 3 in Axes
   185 | D:1      | Reached XP level 3. HP: 25/33 MP: 3/3
   248 | D:1      | Found Heyvagh's Assorted Antiques.
   868 | D:2      | Found a faded altar of an unknown god.
  1297 | D:2      | Reached XP level 4. HP: 40/40 MP: 4/4
  1732 | D:3      | Reached skill level 4 in Axes
  2438 | D:4      | Noticed Natasha
  2447 | D:4      | Killed Natasha
  2456 | D:4      | Noticed Natasha
  2463 | D:4      | Killed Natasha
  2464 | D:4      | Reached XP level 5. HP: 45/47 MP: 5/5
  2508 | D:4      | Reached skill level 5 in Axes
  2512 | D:4      | Noticed Robin
  2516 | D:4      | Noticed Menkaure
  2523 | D:4      | Killed Robin
  2567 | D:4      | HP: 1/45 [Menkaure/nerve-wracking pain (5)]
  2571 | D:4      | Killed from afar by Menkaure

Illustrated notes

Levels and vault maps discovered:
D:1:      dpeg_arrival_caged_fury, layout_basic, serial_shops, shop_statue
D:2:      layout_basic, shapermc_ecumenical_altar_gd, minmay_misc_feat_cross
D:3:      layout_loops_ring, minmay_misc_feat_ornament
D:4:      layout_cave_pods, chequers_serial_rivers_micro_c, uniq_natasha,
          uniq_menkaure, uniq_ijyb, uniq_robin

Skill      XL: |  1  2  3  4  5 |
---------------+----------------+-----
Axes           | 3 4 5 |  5.2
Fighting       | 4 |  4.4
Armour         | 4 |  4.2
Shields        | 4 |  4.0
Dodging        | |  0.1

Action                   |  1- 3 |  4- 6 || total
-------------------------+-------+-------++-------
Melee: War axe           |   108 |    86 ||   194
Armor: Scale mail        |    67 |    35 ||   102
Dodge: Dodged            |    67 |    67 ||   134
Block: Buckler           |    25 |    20 ||    45

Table legend: (Time is in decaauts)
 A = Elapsed time spent in this place.
 B = Non-inter-level travel time spent in this place.
 C = Inter-level travel time spent in this place.
 D = Time resting spent in this place.
 E = Time spent auto-exploring this place.
 F = Levels seen in this place.
 G = Mean time per level.
                   A        B        C        D        E       F      G
               +--------+--------+--------+--------+--------+-----+--------+
         Total |   2637 |   2555 |     82 |      0 |   1964 |   4 |  659.2 |
       Dungeon |   2637 |   2555 |     82 |      0 |   1964 |   4 |  659.2 |
               +--------+--------+--------+--------+--------+-----+--------+

Top non-repeatable levels by time:
     D:2: 894 daAuts
     D:3: 817 daAuts
     D:1: 782 daAuts
     D:4: 142 daAuts
